 Dungeon Crawl Stone Soup version 0.18.1-6-gd335043 (webtiles) character file.

1619 Krapule the Poker (level 8, 0/70 HPs)
             Began as a Minotaur Skald on May 15, 2016.
             Was an Initiate of Cheibriados.
             Slain by a hill giant
             ... wielding a +0 giant club
              (23 damage)
             ... on level 7 of the Dungeon.
             The game lasted 00:23:21 (6982 turns).

Krapule the Poker (Minotaur Skald)                  Turns: 6982, Time: 00:23:22

Health: 0/70       AC:  9    Str: 18    XL:     8   Next: 64%
Magic:  0/11       EV: 12    Int: 17    God:    Cheibriados [......]
Gold:   420        SH:  0    Dex: 11    Spells: 1 memorised, 10 levels left

rFire  + . .     SeeInvis .     C - +0 bardiche
rCold  x . .     Gourm    .     q - +0 ring mail (curse)
rNeg   . . .     Faith    .     (shield currently unavailable)
rPois  .         Spirit   +     r - +1 hat
rElec  .         Dismiss  .     i - +1 cloak
rCorr  .         Reflect  .     (no gloves)
SustAt .         Harm     .     (no boots)
MR     .....                    n - amulet of guardian spirit
Stlth  +.........               (no ring)
                                x - ring "Ochioschooq" {Fire Int+5}

@: very slow, not resistant to hostile enchantments, very unstealthy
A: retaliatory headbutt, horns 2
a: Bend Time, Renounce Religion


You were on level 7 of the Dungeon.
You worshipped Cheibriados.
Cheibriados was noncommittal.
You were very hungry.

You visited 2 branches of the dungeon, and saw 8 of its levels.

You collected 420 gold pieces.

Inventory:

Hand Weapons
 a - a +0 spear
 B - a +0 halberd
 C - a +0 bardiche (weapon)
 D - a cursed -3 scythe
Missiles
 e - 7 javelins (quivered)
 A - a throwing net
Armour
 i - a +1 cloak (worn)
 q - a cursed +0 ring mail (worn)
 r - a +1 hat (worn)
Jewellery
 n - an amulet of guardian spirit (around neck)
 v - an uncursed amulet of faith
 x - the ring "Ochioschooq" (left hand) {Fire Int+5}
   (You found it on level 4 of the Dungeon)

   [ring of fire]

   It enhances your fire magic, and weakens your ice magic.
   It affects your intelligence (+5).
   It protects you from fire.
   It makes you vulnerable to cold.
Wands
 w - a wand of random effects (24/48)
Scrolls
 b - a scroll of amnesia
 g - 3 scrolls of magic mapping
 h - 4 scrolls of identify
 o - 4 scrolls of remove curse
 u - a scroll of blinking
 y - a scroll of enchant armour
Potions
 j - 3 potions of curing
 k - a potion of brilliance
 l - a potion of cure mutation {unknown}
 m - 2 potions of berserk rage
 p - 2 potions of flight
 t - a potion of magic {unknown}
 z - 2 potions of might
Books
 c - a book of Battle

   Spells                             Type                      Level
   a - Infusion                       Charms                       1
   b - Shroud of Golubria             Charms/Translocation         2
   c - Song of Slaying                Charms                       2
   d - Spectral Weapon                Hexes/Charms                 3
   e - Regeneration                   Charms/Necromancy            3
Comestibles
 d - 6 bread rations
 f - 5 meat rations
 s - a royal jelly


   Skills:
 + Level 5.8 Fighting
 + Level 5.9 Polearms
 + Level 5.9 Armour
 + Level 4.5 Dodging
 + Level 3.1 Spellcasting
 + Level 3.3 Charms
 + Level 1.7 Invocations


You had 10 spell levels left.
You knew the following spells:

 Your Spells              Type           Power        Failure   Level  Hunger
a - Spectral Weapon       Hex/Chrm       #.......     54%         3    ###....


Dungeon Overview and Level Annotations

Branches:
Dungeon (7/15)             Temple (1/1) D:6

Altars:
Ashenzari
Cheibriados
Dithmenos
Elyvilon
Fedhas
Gozag
Kikubaaqudgha
Makhleb
Nemelex Xobeh
Pakellas
Qazlal
Ru
Sif Muna
Trog
Vehumet
Yredelemnul
Zin
The Shining One


Innate Abilities, Weirdness & Mutations

You reflexively headbutt those who attack you in melee.
You have a pair of horns on your head.


Message History

The hill giant is moderately wounded.
Your ring mail prevents you from hitting the hill giant.
The hill giant is moderately wounded.
The hill giant barely misses you.
You hit the hill giant.
You headbutt the hill giant, but do no damage.
The hill giant is moderately wounded.
The hill giant hits you with a giant club!
The hill giant barely misses you.
You barely miss the hill giant.
The hill giant is moderately wounded.
The hill giant hits you with a giant club!
You completely miss the hill giant.
You headbutt the hill giant, but do no damage.
The hill giant is moderately wounded.
The hill giant hits you with a giant club!!
You hit the hill giant.
The hill giant is moderately wounded.
The hill giant hits you with a giant club!!
You die...

#..........#
.....(....#
#.........#
#....(....#
#...(....#
#...%....#
#..C....#
#.@....#
#......#
####
#......#
^P^#
#......#
.PP#
#..#..##
_..# #..####
..P# ##.##
P^P# #..#
.### ##.##
##


You could see a hill giant.

Vanquished Creatures
  Sigmund (D:6)
  An orc warrior (D:6)
  An ice beast (D:6)
  A phantom (D:6)
  3 ogres
  A centaur (D:5)
  A scorpion (D:4)
  2 killer bees (D:7)
  3 wights (D:6)
  A howler monkey (D:5)
  A crimson imp (D:5)
  A giant frog skeleton (D:6)
  4 orc wizards
  6 worker ants
  3 gnolls (D:5)
  6 adders
  4 shadow imps
  An adder skeleton (D:6)
  6 worms
  5 giant geckos
  10 orcs
  7 bats
  7 giant cockroaches
  3 hobgoblins
  5 jackals
  5 kobolds
  4 quokkas
  A giant gecko skeleton (D:5)
  4 giant newts
  7 goblins
  9 rats
114 creatures vanquished.

Vanquished Creatures (others)
  An orc wizard (D:5)
1 creature vanquished.

Grand Total: 115 creatures vanquished

Notes
Turn   | Place    | Note
--------------------------------------------------------------
     0 | D:1      | Krapule the Minotaur Skald began the quest for the Orb.
     0 | D:1      | Reached XP level 1. HP: 18/18 MP: 1/1
   235 | D:1      | Reached XP level 2. HP: 21/25 MP: 3/3
   667 | D:2      | Reached XP level 3. HP: 28/30 MP: 4/4
  1280 | D:2      | Reached XP level 4. HP: 34/37 MP: 5/5
  1618 | D:3      | Found a shattered altar of Ashenzari.
  2355 | D:4      | Noticed an ogre
  2751 | D:4      | Killed an ogre
  2751 | D:4      | Reached XP level 5. HP: 40/45 MP: 6/6
  3212 | D:4      | Reached XP level 6. HP: 15/52 MP: 2/8
  3557 | D:4      | Got a steaming tin ring
  4007 | D:5      | Entered Level 5 of the Dungeon
  4007 | D:5      | Found a radiant altar of Vehumet.
  4111 | D:5      | Identified the ring "Ochioschooq" {Fire Int+5} (You found it on level 4 of the Dungeon)
  4307 | D:5      | Learned a level 3 spell: Spectral Weapon
  4320 | D:5      | Reached XP level 7. HP: 56/59 MP: 9/9
  4363 | D:5      | Found an oddly glowing altar of Pakellas.
  4920 | D:6      | Reached skill level 5 in Armour
  5109 | D:6      | Noticed Sigmund
  5167 | D:6      | Reached skill level 5 in Polearms
  5346 | D:6      | Reached skill level 5 in Fighting
  5398 | D:6      | Found a staircase to the Ecumenical Temple.
  5418 | D:6      | Killed Sigmund
  5418 | D:6      | Reached XP level 8. HP: 56/68 MP: 9/11
  5498 | Temple   | Entered the Ecumenical Temple
  5741 | Temple   | Became a worshipper of Cheibriados the Contemplative
  6535 | D:7      | Reached skill level 1 in Invocations
  6942 | D:7      | Found a sacrificial altar of Ru.
  6974 | D:7      | Noticed a hill giant
  6982 | D:7      | Slain by a hill giant

Skill      XL: |  1  2  3  4  5  6  7  8 |
---------------+-------------------------+-----
Armour         | 2 3 4 5 |  5.9
Polearms       | 3 4 5 |  5.9
Fighting       | 3 4 5 |  5.8
Dodging        | 2 3 4 |  4.5
Spellcasting   | 2 3 |  3.1
Charms         | 3 |  3.3
Invocations    | 1 |  1.7

Action                   |  1- 3 |  4- 6 |  7- 9 || total
-------------------------+-------+-------+-------++-------
Melee: Spear             |   127 |   198 |       ||   325
       Headbutt          |    15 |    22 |     9 ||    46
       Halberd           |       |     3 |     1 ||     4
       Bardiche          |       |       |   107 ||   107
Throw: Javelin           |     1 |    24 |    15 ||    40
 Cast: Spectral Weapon   |       |       |     1 ||     1
Evoke: Wand              |       |       |     1 ||     1
  Use: Scroll            |     1 |     8 |     5 ||    14
       Potion            |       |     2 |     1 ||     3
  Eat: Chunk             |     1 |    10 |     5 ||    16
       Pizza             |       |       |     1 ||     1
       Beef jerky        |       |       |     1 ||     1
Armor: Leather armour    |    26 |     4 |       ||    30
       Ring mail         |       |    39 |    45 ||    84
Dodge: Dodged            |    46 |    83 |    93 ||   222
